 Dungeon Crawl Stone Soup version 0.26-a0-771-g060e6a62af (webtiles) character file.

Game seed: 13942583694559690408

6 Queen the Grave Robber (level 1, -1/13 HPs)
             Began as a Gnoll Wanderer on Nov 7, 2020.
             Slain by a hobgoblin
             ... wielding a +0 club
              (4 damage)
             ... on level 1 of the Dungeon.
             The game lasted 00:01:17 (453 turns).

Queen the Grave Robber (Gnoll Wanderer)              Turns: 453, Time: 00:01:17

Health: -1/13      AC:  2    Str: 14    XL:     1   Next: 90%
Magic:  6/6        EV: 11    Int: 15    God:
Gold:   41         SH:  0    Dex: 13    Spells: 9/9 levels left

rFire    . . .     SeeInvis +   a - +0 club
rCold    . . .     Faith    .   (no shield)
rNeg     . . .     Spirit   .   d - +0 robe
rPois    .         Reflect  .   (no helmet)
rElec    .         Harm     .   (no cloak)
rCorr    .         Rampage  .   (no gloves)
MR       .....                  (no boots)
Stlth    +.........             (no amulet)
HPRegen  0.04/turn              e - ring of see invisible
MPRegen  0.10/turn              (no ring)

@: no status effects
A: distributed training, fangs 1, strong nose
a: no special abilities


You were on level 1 of the Dungeon.
You visited 1 branch of the dungeon, and saw 1 of its levels.

You collected 41 gold pieces.

Inventory:

Hand Weapons
 a - a +0 club (weapon)
Missiles
 b - 4 javelins (quivered)
Armour
 d - a +0 robe (worn)
Jewellery
 e - a ring of see invisible (left hand)
Scrolls
 f - a scroll of remove curse {unknown}
Potions
 c - a potion of cancellation {unknown}


   Skills:
 + Level 0.2 Fighting
 + Level 0.2 Short Blades
 + Level 0.2 Long Blades
 + Level 0.2 Axes
 + Level 0.2 Maces & Flails
 + Level 0.2 Polearms
 + Level 0.2 Staves
 + Level 0.2 Slings
 + Level 0.2 Bows
 + Level 0.2 Crossbows
 + Level 2.4 Throwing
 + Level 0.2 Armour
 + Level 0.2 Dodging
 + Level 0.2 Stealth
 + Level 2.4 Shields
 + Level 0.2 Unarmed Combat
 + Level 4.9 Spellcasting
 + Level 0.1 Conjurations
 + Level 0.1 Hexes
 + Level 3.6 Summonings
 + Level 5.3 Necromancy
 + Level 0.1 Translocations
 + Level 0.1 Transmutations
 + Level 2.0 Fire Magic
 + Level 0.1 Ice Magic
 + Level 0.1 Air Magic
 + Level 0.1 Earth Magic
 + Level 0.1 Poison Magic
 + Level 0.3 Invocations
 + Level 0.2 Evocations


You had 9 spell levels left.
You didn't know any spells.
Your spell library contained the following spells:

 Spells                   Type           Power        Failure   Level
 Summon Small Mammal      Summ           ##..         3%          1
 Call Imp                 Summ           ##......     5%          2
 Call Canine Familiar     Summ           ##......     11%         3
 Apportation              Tloc           #.....       16%         1
 Sandblast                Erth           #.....       16%         1
 Summon Guardian Golem    Hex/Summ       #.......     22%         3
 Stone Arrow              Conj/Erth      #.....       43%         3
 Teleport Other           Tloc           #.......     43%         3
 Summon Ice Beast         Ice/Summ       #.......     58%         4
 Summon Lightning Spire   Summ/Air       #.......     58%         4


Dungeon Overview and Level Annotations

Branches:
Dungeon (1/15)

Altars:


Innate Abilities, Weirdness & Mutations

Your experience applies equally to all skills.
You have very sharp teeth.
Your uncanny sense of smell can sniff out nearby items.


Message History

The goblin shouts!
Your bite misses the frilled lizard. The frilled lizard barely misses you.
The frilled lizard closely misses you.
You hit the frilled lizard.
You kill the frilled lizard!
The rat barely misses you.
You hit the rat.
You kill the rat!
You barely miss the hobgoblin. The hobgoblin misses you.
You hit the hobgoblin.
The hobgoblin is almost dead.
The kobold hits you but does no damage.
The hobgoblin hits you but does no damage.
You hit the kobold.
The kobold is moderately wounded.
The hobgoblin misses you.
The kobold hits you with a +0 short sword.
* * * LOW HITPOINT WARNING * * *
The hobgoblin hits you with a +0 club.
You die...

#. #.# #. #.# #. #.# #####.
####.# ..... ##.##.# ...g∆
##.#.#.# #.#†########
##.###..# ##......g..####.##
##.## .#......gK@.....##
##.### .......######.####.##
##.....
....##..........###.###..#...
##. ###......#.# ##.#.#.#.##
#..####.######.# ##.##.#.##
##.......(.# #.########....#
.........#.# #......# #.....
##.#####.#.# ######.# ##...#
#.#.# #.# ##.##


You could see a hobgoblin, a goblin and a kobold.

Vanquished Creatures
  A bat (D:1)
  A giant cockroach (D:1)
  A frilled lizard (D:1)
  A kobold (D:1)
  3 rats (D:1)
7 creatures vanquished.

Notes
Turn   | Place    | Note
-------+----------+-------------------------------------------
     0 | D:1      | Queen the Gnoll Wanderer began the quest for the Orb.
     0 | D:1      | Queen set off with the following items: a +0 club, a +0
                  | robe; and the following spells available to memorise:
                  | Summon Small Mammal, Call Imp, Call Canine Familiar,
                  | Apportation, Sandblast, Summon Guardian Golem, Stone Arrow,
                  | Teleport Other, Summon Ice Beast, Summon Lightning Spire
     0 | D:1      | Reached XP level 1. HP: 13/13 MP: 6/6
   453 | D:1      | Slain by a hobgoblin

Illustrated notes

Levels and vault maps discovered:
D:1:      wheals_arrival_linesprint, layout_loops_ring, minmay_split_cup_small

Skill      XL: |  1 |
---------------+----+-----
Fire Magic     | 2 |  2.0
Fighting       | |  0.2
Short Blades   | |  0.2
Long Blades    | |  0.2
Axes           | |  0.2
Maces & Flails | |  0.2
Polearms       | |  0.2
Staves         | |  0.2
Slings         | |  0.2
Bows           | |  0.2
Crossbows      | |  0.2
Throwing       | |  2.4
Armour         | |  0.2
Dodging        | |  0.2
Stealth        | |  0.2
Shields        | |  2.4
Unarmed Combat | |  0.2
Spellcasting   | |  4.9
Conjurations   | |  0.1
Hexes          | |  0.1
Summonings     | |  3.6
Necromancy     | |  5.3
Translocations | |  0.1
Transmutations | |  0.1
Ice Magic      | |  0.1
Air Magic      | |  0.1
Earth Magic    | |  0.1
Poison Magic   | |  0.1
Invocations    | |  0.3
Evocations     | |  0.2

Action                   || total
-------------------------++-------
Melee: Club              ||    44
       Bite              ||     3
Armor: Robe              ||     8
Dodge: Dodged            ||    32

Table legend: (Time is in decaauts)
 A = Elapsed time spent in this place.
 B = Non-inter-level travel time spent in this place.
 C = Inter-level travel time spent in this place.
 D = Time resting spent in this place.
 E = Time spent auto-exploring this place.
 F = Levels seen in this place.
 G = Mean time per level.
                   A        B        C        D        E       F      G
               +--------+--------+--------+--------+--------+-----+--------+
         Total |    465 |    465 |      0 |    218 |    127 |   1 |  465.0 |
       Dungeon |    465 |    465 |      0 |    218 |    127 |   1 |  465.0 |
               +--------+--------+--------+--------+--------+-----+--------+

Top non-repeatable levels by time:
     D:1: 465 daAuts
